 Dungeon Crawl Stone Soup version 0.30-a0-860-g512cf1e979 (webtiles) character file.

Game seed: 690630048661207540

65 qeuew the Vexing (level 3, -1/20 HPs)
             Began as a Deep Elf Hexslinger on Mar 7, 2023.
             Killed from afar by Sigmund (13 damage)
             ... with a bolt of light
             ... on level 2 of the Dungeon.
             The game lasted 00:02:50 (1645 turns).

qeuew the Vexing (Deep Elf Hexslinger)              Turns: 1645, Time: 00:02:51

Health: -1/20      AC:  1    Str:  7    XL:     3   Next: 92%
Magic:  8/8        EV: 13    Int: 17    God:
Gold:   66         SH:  0    Dex: 17    Spells: 5/6 levels left

rFire   . . .      SeeInvis .    a - +1 sling
rCold   x . .      Faith    .    (no shield)
rNeg    . . .      Spirit   .    c - +0 robe
rPois   .          Reflect  .    (no helmet)
rElec   .          Rampage  .    (no cloak)
rCorr   .                        (no gloves)
Will    .....                    (no boots)
Stlth   +                        (no amulet)
HPRegen 0.23/turn                (no ring)
MPRegen 0.11/turn                (no ring)

@: confused
A: deformed body, deterioration 1, wild magic 1, cold vulnerability 1
a: no special abilities


You were on level 2 of the Dungeon.
You visited 1 branch of the dungeon, and saw 2 of its levels.

You collected 66 gold pieces.

Inventory:

Hand Weapons
 a - a +1 sling (weapon)
Armour
 c - a +0 robe (worn)
Scrolls
 b - a scroll of poison
 d - 2 scrolls of teleportation
 e - a scroll of fog {unknown}
 g - a scroll of identify
Potions
 h - a potion of might {unknown}


   Skills:
 + Level 1.1 Fighting
 * Level 3.7 Ranged Weapons
 + Level 0.4 Armour
 + Level 3.0 Dodging
 + Level 2.2 Spellcasting
 * Level 4.8 Hexes


You had 5 spell levels left.
You knew the following spells:

 Your Spells              Type           Power      Damage    Failure   Level
a - Slow                  Hex            92%        N/A       4%          1

Your spell library contained the following spells:

 Spells                   Type           Power      Damage    Failure   Level
 Inner Flame              Hex/Fire       13%        N/A       30%         3
 Portal Projectile        Hex/Tloc       26%        N/A       30%         3
 Cause Fear               Hex            11%        N/A       34%         4


Dungeon Overview and Level Annotations

Branches:
Dungeon (2/15)

Altars:

Annotations:
D:2 Sigmund


Innate Abilities, Weirdness & Mutations

Armour fits poorly on your strangely shaped body.
Your body sometimes deteriorates upon taking damage.
Your spells are a little harder to cast, but a little more powerful.
You are vulnerable to cold. (rC-)


Message History

Ouch! That really hurt!
* * * LOW HITPOINT WARNING * * *
It was a potion of curing.
You feel better.
Sigmund mumbles some strange words.
Sigmund flickers and vanishes!
Deactivating autopickup; reactivate with Ctrl-A.
As you read the scroll labelled OSOQUBE KAAH, it crumbles to dust.
You feel strangely unstable.
It was a scroll of teleportation.
Something barely misses you.
Your surroundings suddenly seem different.
Sigmund is nearby!
You shoot a sling bullet. The sling bullet hits Sigmund.
Sigmund is moderately wounded.
You shoot a sling bullet.
The sling bullet closely misses Sigmund.
Sigmund zaps a wand.
The bolt of light misses you.
You shoot a sling bullet. The sling bullet barely misses Sigmund.
Sigmund zaps a wand.
The bolt of light hits you.
You are confused.
You shoot a sling bullet.
Sigmund zaps a wand.
The bolt of light hits you!
Ouch! That really hurt!
* * * LOW HITPOINT WARNING * * *
You shoot a sling bullet.
You feel less confused.
You are too injured to fight recklessly!
You are too injured to fight recklessly!
You are too injured to fight recklessly!
You are too injured to fight recklessly!
You feel better.
Sorry, you're not good enough to have a special ability.
Okay, then.
Fire: a) +1 sling
Press: ? - help, Q - select action, (/) - cycle Shift-Dir - straight line, f/p - Sigmund
Aim: Sigmund, wielding a +0 scythe, wearing a +0 robe and carrying a wand of light (10) (moderately wounded, 55% to hit)
You shoot a sling bullet. The sling bullet hits Sigmund.
Sigmund is moderately wounded.
Sigmund zaps a wand.
The bolt of light hits you!
You are confused.
Ouch! That really hurt!
You die...

... ...###.#####.#
#...#..........#
..##.##{####### ..# #. ... ..
#.# ### #@# #.# ### #@# ##.##
#.# ########### ##..[##
##.####.........# #.....###
#...........###.# ...#....#
#..####.###.###.#
#.....#.#######...###.........#
...................######.#####
.##.###.#######...## #...#
.##.# #.# ##.## ###.#


You could see Sigmund.

Vanquished Creatures
  Jessica (D:2)
  An adder (D:2)
  3 dart slugs (D:1)
  2 endoplasms
  3 goblins (D:1)
  2 hobgoblins
  2 jackals (D:2)
  A quokka (D:2)
  A bat (D:1)
  2 frilled lizards (D:1)
  3 kobolds
  4 rats
25 creatures vanquished.

Notes
Turn   | Place    | Note
-------+----------+-------------------------------------------
     0 | D:1      | qeuew the Deep Elf Hexslinger began the quest for the Orb.
     0 | D:1      | Reached XP level 1. HP: 11/11 MP: 5/5
   286 | D:1      | Reached XP level 2. HP: 7/16 MP: 6/6
   665 | D:1      | Reached skill level 1 in Fighting
   934 | D:1      | Gained mutation: You have hidden genetic defects. [potion
                  | of mutation]
   934 | D:1      | Gained mutation: Your spells are a little harder to cast,
                  | but a little more powerful. [potion of mutation]
   934 | D:1      | Gained mutation: You are resistant to electric shocks.
                  | (rElec) [potion of mutation]
  1167 | D:2      | Gained mutation: Your body sometimes deteriorates upon
                  | taking damage. [hidden defects]
  1281 | D:2      | Reached XP level 3. HP: 20/20 MP: 8/8
  1281 | D:2      | Noticed Jessica
  1283 | D:2      | Killed Jessica
  1291 | D:2      | Gained mutation: You are vulnerable to cold. (rC-) [hidden
                  | defects]
  1291 | D:2      | Lost mutation: You have hidden genetic defects. [hidden
                  | defects expressed]
  1308 | D:2      | Lost mutation: You are resistant to electric shocks.
                  | (rElec) [potion of mutation]
  1308 | D:2      | Lost mutation: Your spells are a little harder to cast, but
                  | a little more powerful. [potion of mutation]
  1308 | D:2      | Gained mutation: Armour fits poorly on your strangely
                  | shaped body. [potion of mutation]
  1308 | D:2      | Gained mutation: Your spells are a little harder to cast,
                  | but a little more powerful. [potion of mutation]
  1445 | D:2      | Identified the +1 leather armour of the New World {+Inv
                  | rPois rN+ Will-}
  1582 | D:2      | Noticed Sigmund
  1645 | D:2      | Killed from afar by Sigmund

Illustrated notes

Levels and vault maps discovered:
D:1:      minmay_arrival_nine_rooms, layout_loops_ring, serial_bayou_lagoon_a,
          dreamdust_princess_bridge
D:2:      layout_loops_corners, uniq_jessica, uniq_sigmund

Skill      XL: |  1  2  3 |
---------------+----------+-----
Ranged Weapons | 3 |  3.7
Fighting       | 1 |  1.1
Spellcasting   | 2 |  2.2
Dodging        | 3 |  3.0
Armour         | |  0.4
Hexes          | |  4.8

Action                     || total
---------------------------++-------
   Fire: Sling             ||   100
   Cast: Slow              ||     4
    Use: Scroll            ||     5
         Potion            ||     4
 Armour: Robe              ||     3
  Dodge: Dodged            ||    15

Table legend: (Time is in decaauts)
 A = Elapsed time spent in this place.
 B = Non-inter-level travel time spent in this place.
 C = Inter-level travel time spent in this place.
 D = Time resting spent in this place.
 E = Time spent auto-exploring this place.
 F = Levels seen in this place.
 G = Mean time per level.
                   A        B        C        D        E       F      G
               +--------+--------+--------+--------+--------+-----+--------+
         Total |   1679 |   1653 |     26 |      0 |   1431 |   2 |  839.5 |
       Dungeon |   1679 |   1653 |     26 |      0 |   1431 |   2 |  839.5 |
               +--------+--------+--------+--------+--------+-----+--------+

Top non-repeatable levels by time:
     D:1: 986 daAuts
     D:2: 693 daAuts
